 Dungeon Crawl Stone Soup version 0.30.1-4-g462c640d31 (webtiles) character file.

Game seed: 1065820188565450801

106 hawla the Firebug (level 5, -2/38 HPs)
             Began as a Meteoran Fire Elementalist on Sept 5, 2023.
             Engulfed by a cloud of steam (9 damage)
             ... on level 4 of the Dungeon.
             The game lasted 00:05:22 (1110 turns).

hawla the Firebug (Meteoran Fire Elementalist)      Turns: 1110, Time: 00:05:23

Health: -2/38      AC:  5    Str: 10    XL:     5   Next: 32%
Magic:  0/10       EV: 12    Int: 18    God:
Gold:   145        SH:  0    Dex: 14    Spells: 3/10 levels left

rFire   . . .        f - +0 flail
rCold   . . .        (no shield)
rNeg    . . .        a - +0 robe
rPois   .            b - +0 helmet
rElec   .            l - +0 cloak
rCorr   .            d - +0 pair of gloves
SInv    .            (no boots)
Will    .....        m - amulet of magic regeneration
Stlth   +            (no ring)
HPRegen 0.26/turn    (no ring)
MPRegen 0.52/turn

%: no passive effects
@: glowing
A: sense surroundings 1, otherworldly, glowing, explore regen
a: no special abilities


You were on level 4 of the Dungeon.
You visited 1 branch of the dungeon, and saw 4 of its levels.

You collected 145 gold pieces.

Inventory:

Hand Weapons
 f - a +0 flail (weapon)
Armour
 a - a +0 robe (worn)
 b - a +0 helmet (worn)
 d - a +0 pair of gloves (worn)
 l - a +0 cloak (worn)
Jewellery
 m - an amulet of magic regeneration (around neck)
Wands
 j - a wand of digging (5)
Scrolls
 h - a scroll of vulnerability
 i - a scroll of identify
 n - a scroll of teleportation {unknown}
Potions
 c - a potion of heal wounds
 e - a potion of cancellation
 g - a potion of brilliance {unknown}
 k - 2 potions of degeneration {unknown}


   Skills:
 - Level 2.6 Dodging
 - Level 1.4 Stealth
 - Level 3.2 Spellcasting
 + Level 3.9 Conjurations
 - Level 4.7 Fire Magic


You had 3 spell levels left.
You knew the following spells:

 Your Spells              Type           Power      Damage    Failure   Level
a - Foxfire               Conj/Fire      72%        2x1d7     2%          1
b - Scorch                Fire           40%        2d6       3%          2
c - Flame Wave            Conj/Fire      18%        2d7       26%         4

Your spell library contained the following spells:

 Spells                   Type           Power      Damage    Failure   Level
 Inner Flame              Hex/Fire       11%        N/A       19%         3
 Volatile Blastmotes      Fire/Tloc      22%        2d11      19%         3
 Dazzling Flash           Conj/Hex       20%        N/A       22%         3
 Iskenderun's Mystic Bla  Conj/Tloc      10%        2d4       56%         4
 Starburst                Conj/Fire      9%         6d5       99%         6


Dungeon Overview and Level Annotations

Branches:
Dungeon (4/15) Zot: 1276
 Temple: D:4-7

Altars:
Hepliaklqana
Sif Muna


Innate Abilities, Weirdness & Mutations

You passively map a small area around you.
You are easily found by Zot.
You glow in the dark.
You regain HP and MP as you explore.


Message History

The steam dragon's fire resistance burns away.
The foxfire hits the steam dragon.
The steam dragon is lightly wounded.
The foxfire hits the steam dragon.
The steam dragon is burned terribly!
The steam dragon is moderately wounded.
The steam dragon breathes steam at you. The ball of steam hits you!
Casting: Scorch (safe; 3% risk of failure)
Confirm with . or Enter, or press ? or * to list all spells.
Flames lash the steam dragon.
The steam dragon is burned terribly!
The steam dragon is heavily wounded.
You are engulfed in a cloud of scalding steam.
Unknown command.
Casting: Scorch (safe; 3% risk of failure)
Confirm with . or Enter, or press ? or * to list all spells.
Flames lash the steam dragon.
The steam dragon is burned terribly!
The steam dragon is severely wounded.
Unknown command.
Casting: Scorch (safe; 3% risk of failure)
Confirm with . or Enter, or press ? or * to list all spells.
Flames lash the steam dragon.
The steam dragon is burned terribly!
The steam dragon is almost dead.
The steam dragon bites you but does no damage.
The steam dragon claws you.
Unknown command.
Casting: Scorch (safe; 3% risk of failure)
Confirm with . or Enter, or press ? or * to list all spells.
Flames lash the steam dragon but do no damage.
The steam dragon breathes steam at you. The ball of steam hits you!
* * * LOW HITPOINT WARNING * * *
The steam dragon closely misses you. The steam dragon claws you.
* * * LOW HITPOINT WARNING * * *
Casting: Scorch (safe; 3% risk of failure)
Confirm with . or Enter, or press ? or * to list all spells.
Flames lash the steam dragon.
The steam dragon is burned terribly!
You kill the steam dragon!
The steam dragon scales are intact enough to wear.
You are engulfed in a cloud of scalding steam.
You die...

># ##....###...#... ,
.## ##....##...#......
..# ##....#............
..####...##.............
.###....#...............
.##.......##............
,
.........####§§§..<.....
##.....### #§§.§.......
* .......# ##§§@.......
...†...# ##......... , ,
.#.....# ##........, *
##.....# ##.......
###....# #...... ,
###....# *##....
..##...# #### , ..# ...#
..#*##..


There were no monsters in sight!

Vanquished Creatures
  A steam dragon (D:4)
  Robin (D:2)
  2 gnolls
  2 adders (D:2)
  A worm (D:3)
  6 ball pythons
  3 bats
  3 endoplasms
  13 goblins
  4 hobgoblins
  5 quokkas
  2 frilled lizards
  6 kobolds
  7 rats
56 creatures vanquished.

Vanquished Creatures (others)
  71 foxfires
71 creatures vanquished.

Grand Total: 127 creatures vanquished

Notes
Turn   | Place    | Note
-------+----------+-------------------------------------------
     0 | D:1      | hawla the Meteoran Fire Elementalist began the quest for
                  | the Orb.
     0 | D:1      | Reached XP level 1. HP: 14/14 MP: 5/5
    71 | D:1      | Reached XP level 2. HP: 20/20 MP: 4/6
    94 | D:1      | Reached skill level 4 in Fire Magic
   281 | D:2      | Found a hazy altar of Hepliaklqana.
   284 | D:2      | Reached XP level 3. HP: 26/26 MP: 5/8
   306 | D:1      | Learned a level 2 spell: Scorch
   333 | D:2      | Reached XP level 4. HP: 33/33 MP: 6/9
   338 | D:2      | Learned a level 4 spell: Flame Wave
   603 | D:2      | Noticed Robin
   614 | D:2      | Killed Robin
   615 | D:2      | Reached XP level 5. HP: 26/38 MP: 0/10
   929 | D:3      | Noticed a gnoll sergeant
  1031 | D:4      | Found a shimmering blue altar of Sif Muna.
  1101 | D:4      | Noticed a steam dragon
  1110 | D:4      | Killed a steam dragon
  1110 | D:4      | Engulfed by a cloud of steam

Illustrated notes

Levels and vault maps discovered:
D:1:      minmay_arrival_four_circles, layout_loops_ring, minmay_liquid_box
D:2:      wad_woods_stonehenge, layout_basic, minmay_misc_feat_alley,
          hangedman_feature_mirror, uniq_robin
D:3:      layout_rooms, bloody_makhleb
D:4:      layout_cave_pods, mainiacjoe_overflow_alcove_4,
          nicolae_overflow_crystal_walls, mainiacjoe_overflow_tiny_flanked,
          uniq_menkaure

Skill      XL: |  1  2  3  4 |
---------------+-------------+-----
Fire Magic     | 4 |  4.7
Spellcasting   | 3 |  3.2
Conjurations   | 3 |  3.9
Dodging        | |  2.6
Stealth        | |  1.4

Action                     |  1- 3 |  4- 6 || total
---------------------------+-------+-------++-------
  Melee: Unarmed           |    13 |       ||    13
         Flail             |     1 |    33 ||    34
   Cast: Foxfire           |    27 |    21 ||    48
         Scorch            |       |    18 ||    18
         Flame Wave        |       |     2 ||     2
    Use: Potion            |       |     2 ||     2
         Scroll            |       |     3 ||     3
 Armour: Robe              |     3 |    28 ||    31
  Dodge: Dodged            |    11 |    38 ||    49
